 Dungeon Crawl Stone Soup version 0.30-a0-618-gd6c86c23d0 (webtiles) character file.

Game seed: 5321940906768734107

891 HoaS the Skirmisher (level 8, -2/44 HPs)
             Began as a Gargoyle Hunter on Jan 9, 2023.
             Was an Initiate of Gozag.
             Slain by an ogre
             ... wielding a +0 giant spiked club
              (29 damage)
             ... on level 5 of the Dungeon.
             The game lasted 00:09:47 (4438 turns).

HoaS the Skirmisher (Gargoyle Hunter)               Turns: 4438, Time: 00:09:48

Health: -2/44      AC: 10    Str: 16    XL:     8   Next: 6%
Magic:  8/8        EV: 11    Int:  9    God:    Gozag
Gold:   1352       SH:  0    Dex: 15    Spells: 7/7 levels left

rFire   . . .      SeeInvis .    a - +0 shortbow
rCold   . . .      Faith    .    (shield currently unavailable)
rNeg    + . .      Spirit   .    c - +1 leather armour
rPois   ∞          Reflect  .    (no helmet)
rElec   +          Harm     .    (no cloak)
rCorr   .          Rampage  .    o - +0 pair of gloves
Will    +....                    (no boots)
Stlth   ++                       (no amulet)
HPRegen 0.27/turn                t - ring of willpower
MPRegen 0.11/turn                (no ring)

@: gold aura
A: sickness immunity, AC +5, negative energy resistance 1, electricity
resistance, torment resistance 1, petrification resistance
a: Renounce Religion, Potion Petition, Call Merchant, Bribe Branch


You were on level 5 of the Dungeon.
You worshipped Gozag.
Gozag was most pleased with you.
You visited 1 branch of the dungeon, and saw 5 of its levels.

You collected 1395 gold pieces.
You paid 43 gold pieces to Gozag.

Inventory:

Hand Weapons
 a - a +0 shortbow (weapon)
Missiles
 l - 2 throwing nets
Armour
 c - a +1 leather armour (worn)
 n - +0 pearl dragon scales
 o - a +0 pair of gloves (worn)
Jewellery
 k - a ring of fire
 t - a ring of willpower (left hand)
Wands
 f - a wand of light (5)
 g - a wand of flame (8)
 q - a wand of digging (2)
 r - a wand of iceblast (14)
Scrolls
 b - 2 scrolls of immolation
Potions
 d - 3 potions of curing
 e - a potion of lignification {unknown}
 h - 3 potions of haste
 i - a potion of mutation
 j - a potion of berserk rage {unknown}
 m - a potion of cancellation {unknown}
 s - a potion of flight {unknown}


   Skills:
 - Level 2.1 Fighting
 + Level 14.2 Ranged Weapons
 - Level 1.5 Dodging
 - Level 1.1 Stealth


You had 7 spell levels left.
You didn't know any spells.
Your spell library was empty.

Dungeon Overview and Level Annotations

Branches:
Dungeon (5/15)
 Temple: D:4-7

Altars:
Gozag
Kikubaaqudgha

Annotations:
D:5 Edmund


Innate Abilities, Weirdness & Mutations

You are immune to sickness and miasma.
Your stone body is resilient. (AC +5)
You are immune to poison.
You resist negative energy. (rN+)
You are resistant to electric shocks. (rElec)
You are resistant to unholy torment.
You are immune to petrification.


Message History

An orc and an ogre come into view.
Found a pair of gloves.
No target in view!
You shoot an arrow.
The arrow hits the orc but does no damage.
You hear a shout!
An orc wizard comes into view. It is wielding a +0 dagger.
The orc wizard shouts!
An orc comes into view. It is wielding a +0 whip.
There is an open door here.
You shoot an arrow.
The arrow closely misses the orc wizard.
The orc wizard hits you with a +0 dagger.
You shoot an arrow.
The arrow closely misses the orc wizard.
The orc wizard casts a spell.
The orc wizard flickers and vanishes!
Deactivating autopickup; reactivate with Ctrl-A.
You shoot an arrow. The arrow hits the orc!
You kill the orc!
You hear some strange, mumbled words.
A puff of flame appears from out of thin air!
The puff of flame hits you!
You shoot an arrow. The arrow barely misses the orc.
You shoot an arrow. The arrow hits the orc.
The orc is heavily wounded.
Something hits you but does no damage.
No target in view!
You shoot an arrow.
You hear some strange, mumbled words.
A magic dart appears from out of thin air!
The magic dart hits you.
You shoot an arrow. You shoot an arrow. Something hits you.
You shoot an arrow. The arrow hits the ogre.
The ogre is lightly wounded.
The ogre hits you with a +0 giant spiked club!!
Ouch! That really hurt!
You die...
Your body crumbles into a pile of gold.

.. .....# #.
#....#
#..####....#
#...O#.....#
#.o[.o.....#
#.....# #.o...#
#####O#####
#...@.....#
#.........# ..# ⌠.
#..[......# ..#
..# #.........#
....
.##'####.........#
.@..
...............[.#
....
.................#
....
..........[......#
....
.................#


You could see an ogre and an orc.

Vanquished Creatures
  Eustachio (D:5)
  An ice beast (D:5)
  2 ogres (D:5)
  3 jellies
  An orc priest (D:5)
  Ijyb (D:5)
  2 iguanas
  8 adders
  A white imp (D:5)
  A worm (D:3)
  9 orcs
  2 bats
  7 endoplasms
  A giant cockroach (D:2)
  8 goblins
  5 hobgoblins
  A jackal (D:5)
  3 quokkas (D:1)
  9 ball pythons
  3 frilled lizards
  4 kobolds
  4 rats
77 creatures vanquished.

Notes
Turn   | Place    | Note
-------+----------+-------------------------------------------
     0 | D:1      | HoaS the Gargoyle Hunter began the quest for the Orb.
     0 | D:1      | Reached XP level 1. HP: 12/12 MP: 1/1
   107 | D:1      | Reached XP level 2. HP: 17/17 MP: 2/2
   654 | D:2      | Reached skill level 5 in Ranged Weapons
   654 | D:2      | Reached XP level 3. HP: 21/21 MP: 3/3
   711 | D:2      | Found a faded altar of an unknown god.
   913 | D:2      | Reached XP level 4. HP: 26/26 MP: 4/4
  1795 | D:3      | Reached skill level 6 in Ranged Weapons
  2154 | D:3      | Identified a scroll of acquirement
  2154 | D:3      | Acquired 951 gold pieces
  2242 | D:3      | Found an opulent altar of Gozag.
  2249 | D:3      | Became a worshipper of Gozag Ym Sagoz the Greedy
  2256 | D:3      | Found an ancient bone altar of Kikubaaqudgha.
  2470 | D:4      | Reached XP level 5. HP: 30/30 MP: 5/5
  2998 | D:4      | Reached skill level 13 in Ranged Weapons
  2998 | D:4      | Reached XP level 6. HP: 35/35 MP: 6/6
  3014 | D:5      | Entered Level 5 of the Dungeon
  3185 | D:5      | Noticed Eustachio
  3390 | D:5      | Killed Eustachio
  3391 | D:5      | Reached XP level 7. HP: 35/40 MP: 7/7
  3512 | D:5      | Noticed Edmund
  3529 | D:5      | Noticed Ijyb
  3546 | D:5      | Killed Ijyb
  3908 | D:5      | Reached skill level 14 in Ranged Weapons
  4363 | D:5      | Reached XP level 8. HP: 43/44 MP: 8/8
  4438 | D:5      | Slain by an ogre

Illustrated notes

Levels and vault maps discovered:
D:1:      nicolae_arrival_memento_mori, layout_loops_ring
D:2:      layout_loops_ring, hellmonk_ecumenical_altar_blasted
D:3:      layout_loops_corners, amethyst_overflow_temple_binary, moated_statue
D:4:      layout_gridville, kennysheep_doodads, corexii_corridor_pit
D:5:      minmay_evil_eye, layout_gridville, minmay_temple_entry_junction,
          nicolae_titane, uniq_ijyb, uniq_edmund, uniq_eustachio

Skill      XL: |  1  2  3  4  5  6  7 |
---------------+----------------------+-----
Ranged Weapons | 5 6 13 14 | 14.2
Fighting       | |  2.1
Dodging        | |  1.5
Stealth        | |  1.1

Action                   |  1- 3 |  4- 6 |  7- 9 || total
-------------------------+-------+-------+-------++-------
 Fire: Shortbow          |    83 |   126 |    85 ||   294
  Use: Scroll            |     3 |    10 |       ||    13
       Potion            |       |     1 |       ||     1
Armor: Leather armour    |     8 |    29 |    11 ||    48
Dodge: Dodged            |    23 |    51 |    18 ||    92

Table legend: (Time is in decaauts)
 A = Elapsed time spent in this place.
 B = Non-inter-level travel time spent in this place.
 C = Inter-level travel time spent in this place.
 D = Time resting spent in this place.
 E = Time spent auto-exploring this place.
 F = Levels seen in this place.
 G = Mean time per level.
                   A        B        C        D        E       F      G
               +--------+--------+--------+--------+--------+-----+--------+
         Total |   4467 |   4275 |    192 |    677 |   2885 |   5 |  893.4 |
       Dungeon |   4467 |   4275 |    192 |    677 |   2885 |   5 |  893.4 |
               +--------+--------+--------+--------+--------+-----+--------+

Top non-repeatable levels by time:
     D:3: 1065 daAuts
     D:5: 1012 daAuts
     D:4: 989 daAuts
     D:2: 735 daAuts
     D:1: 664 daAuts
